 Dungeon Crawl Stone Soup version 0.26-a0-52-gd53d4cd058 (webtiles) character file.

Game seed: 15943960273382090774

9901 LSt the Cleaver (level 11, -5/92 HPs)
             Began as a Formicid Abyssal Knight on June 6, 2020.
             Was a High Priest of Lugonu.
             Slain by a komodo dragon (19 damage)
             ... on level 1 of the Lair of Beasts.
             The game lasted 01:32:02 (17150 turns).

LSt the Cleaver (Formicid Abyssal Knight)          Turns: 17150, Time: 01:32:02

Health: -5/92      AC: 11    Str: 20    XL:     11   Next: 83%
Magic:  13/16      EV: 25    Int: 12    God:    Lugonu [*****.]
Gold:   631        SH:  4    Dex: 10    Spells: 10/10 levels left

rFire    + . .     SeeInvis +   a - +0 war axe
rCold    . . .     Gourm    .   m - +0 buckler
rNeg     . . .     Faith    .   H - +2 scale mail {MR+}
rPois    .         Spirit   .   (helmet unavailable)
rElec    .         Reflect  .   (no cloak)
rCorr    .         Harm     .   q - +1 pair of gloves
MR       ++...                  (no boots)
Stlth    ..........             L - amulet of the acrobat
HPRegen  0.25/turn              V - ring of protection from fire
MPRegen  0.15/turn              (no ring)

@: acrobat
A: permanent stasis, dig shafts and tunnels, four strong arms, antennae 3
a: Dig, Shaft Self, Depart the Abyss, Bend Space, Banish, Corrupt, Enter the
Abyss, Renounce Religion


You were on level 1 of the Lair of Beasts.
You worshipped Lugonu.
Lugonu was extremely pleased with you.
You were not hungry.

You visited 2 branches of the dungeon, and saw 11 of its levels.
You visited the Abyss 1 time.
You also visited: Sewer.

You collected 631 gold pieces.

Inventory:

Hand Weapons
 a - a +0 war axe (weapon)
 b - a +0 hunting sling
 x - a +1 hand axe
 C - a +0 shortbow
 I - a +0 trident
 P - a +0 arbalest
 T - a +3 scimitar of flaming
Missiles
 e - 280 stones (quivered)
 j - 196 arrows
 y - 10 poisoned darts
 z - 24 sling bullets
 D - 71 bolts
 J - 7 javelins
Armour
 m - a +0 buckler (worn)
 q - a +1 pair of gloves (worn)
 r - a +0 chain mail of cold resistance
 A - a +0 leather armour
 H - a +2 scale mail of magic resistance (worn)
Magical Staves
 M - an uncursed staff of air
Jewellery
 L - an amulet of the acrobat (around neck)
 V - a ring of protection from fire (left hand)
 Y - an uncursed amulet of magic regeneration {unknown}
Wands
 d - a wand of flame (37)
 E - a wand of disintegration (9)
 G - a wand of acid (11)
Scrolls
 h - a scroll of summoning {unknown}
 i - 4 scrolls of remove curse
 k - a scroll of random uselessness {unknown}
 t - a scroll of amnesia
 u - a scroll of enchant armour
 w - a scroll of fog
 K - a scroll of teleportation {unknown}
 O - a scroll of immolation {unknown}
 R - a scroll of identify
 S - a scroll of torment {unknown}
 U - a scroll of fear {unknown}
 W - 3 scrolls of enchant weapon {unknown}
 X - a scroll of holy word
Potions
 f - 2 potions of mutation {unknown}
 g - 3 potions of ambrosia
 l - a potion of berserk rage {unknown}
 n - 4 potions of curing
 o - a potion of lignification {unknown}
 p - 5 potions of flight
 s - 2 potions of magic
 v - 4 potions of heal wounds {unknown}
 B - 2 potions of resistance {unknown}
 F - 2 potions of haste {unknown}
 N - 2 potions of cancellation {unknown}
 Q - a potion of brilliance {unknown}
Comestibles
 c - 14 rations


   Skills:
 + Level 10.6 Fighting
 + Level 13.3 Axes
 - Level 3.2 Armour
 - Level 1.0 Dodging
 - Level 2.4 Shields
 - Level 7.4 Invocations


You had 10 spell levels left.
You didn't know any spells.
Your spell library contained the following spells:

 Spells                   Type           Power        Failure   Level  Hunger
 Animate Skeleton         Necr           N/A          67%         1    ##.....
 Apportation              Tloc           #.....       67%         1    ##.....
 Beastly Appendage        Tmut           #.....       67%         1    ##.....
 Corona                   Hex            #......      67%         1    ##.....
 Summon Butterflies       Summ           #.......     67%         1    ##.....
 Summon Small Mammal      Summ           #...         67%         1    ##.....
 Ensorcelled Hibernation  Hex/Ice        #.....       80%         2    ###....
 Sticks to Snakes         Tmut           #.......     80%         2    ###....
 Call Canine Familiar     Summ           #.......     95%         3    ####...
 Confusing Touch          Hex            #.......     95%         3    ####...
 Dazzling Flash           Conj/Hex       #.....       95%         3    ####...
 Gell's Gravitas          Tloc           #.........   95%         3    ####...
 Spider Form              Tmut/Pois      #.........   95%         3    ####...
 Tukima's Dance           Hex            #.......     95%         3    ####...
 Ice Form                 Ice/Tmut       #.......     100%        4    #####..
 Petrify                  Tmut/Erth      #.......     100%        4    #####..
 Summon Ice Beast         Ice/Summ       #.......     100%        4    #####..
 Blade Hands              Tmut           #.........   100%        5    ######.
 Metabolic Englaciation   Hex/Ice        #.........   100%        5    ######.
 Summon Mana Viper        Hex/Summ       #.......     100%        5    ######.
 Yara's Violent Unravell  Hex/Tmut       #.........   100%        5    ######.
 Summon Hydra             Summ           #.........   100%        7    #######


Dungeon Overview and Level Annotations

Branches:
Dungeon (10/15)            Temple (0/1) D:5            Lair (1/6) D:8
  Sewer (visited)
    Orc: D:9-12

Altars:
Hepliaklqana
Kikubaaqudgha
Makhleb
Okawaru
Qazlal
Trog
Yredelemnul
Zin
The Shining One

Annotations:
D:2 Purgy
D:4 ogre
D:5 Duvessa
D:6 orc warrior


Innate Abilities, Weirdness & Mutations

You cannot be hasted, slowed, berserked, paralysed or teleported.
You can dig through walls and to a lower floor.
Your four strong arms can wield two-handed weapons with a shield.
You have a pair of large antennae on your head. (SInv)


Message History

You slash the komodo dragon!
The komodo dragon is moderately wounded.
The komodo dragon bites you but does no damage.
You hit the komodo dragon but do no damage.
The komodo dragon is moderately wounded.
The komodo dragon bites you.
You hit the komodo dragon.
The komodo dragon is heavily wounded.
The komodo dragon bites you!
You slash the komodo dragon!
The komodo dragon is severely wounded.
The komodo dragon bites you!!
* * * LOW HITPOINT WARNING * * *
Space bends around you!
You blink.
All of the chunks of flesh in your inventory have rotted away.
Space bends around you!
You blink.
Space bends around you!
You blink.
Space bends sharply around you!
You blink.
The komodo dragon bites you!!
You die...

###### #### ### #####P.#.#
##.P### #######.## #........#
......###........# ##........#
......##.........# #.........#
........#........## ##......<.##
......#........l.P#####.>.......#
......+.#.......@##...'.........#
.l....###...........###........##
......# #........#####.........#
..#.### ######.### ####'##.#.#
#.### #.### #.#.###### #.#.#
##...# #..# ...## #.#..### #.##
##.l# ###......# #.# ###.###
##.'.....)# ##.######


You could see a komodo dragon.

Vanquished Creatures
  A hydra (D:10)
  Erica (D:9)
  A black mamba (Lair:1)
  A troll (D:8)
  2 dream sheep (D:10)
  3 hippogriffs
  3 hungry ghosts
  6 yaks
  A water moccasin (D:5)
  4 porcupines
  An orc warrior (D:7)
  6 ice beasts
  2 sky beasts (D:9)
  3 ogres
  3 phantoms
  5 wolves (Lair:1)
  5 centaurs
  5 crocodiles
  4 big kobolds
  9 bullfrogs
  Dowan (D:5)
  5 scorpions
  4 wights (D:9)
  5 howler monkeys
  5 crimson imps
  A centaur zombie (D:8)
  2 jellies
  3 orc wizards
  An orc priest (D:4)
  3 hounds
  Ijyb (D:5)
  3 bullfrog skeletons
  A centaur skeleton (D:6)
  6 iguanas
  9 worker ants
  A killer bee zombie (D:8)
  14 adders
  4 gnolls (D:6)
  2 howler monkey skeletons
  A shadow imp (D:6)
  12 oozes (Sewer)
  4 worms
  3 dart slugs
  8 leopard geckos (Sewer)
  12 orcs
  7 bats
  15 giant cockroaches
  11 goblins
  5 hobgoblins
  2 quokkas
  12 ball pythons
  14 frilled lizards
  A jackal skeleton (D:7)
  11 kobolds
  A leopard gecko zombie (D:6)
  A quokka skeleton (D:5)
  A quokka zombie (D:7)
  11 rats
  A spectral orc (D:6)
270 creatures vanquished.

Vanquished Creatures (others)
  3 bushes (D:8)
  2 fungi (D:8)
  7 plants (D:8)
12 creatures vanquished.

Grand Total: 282 creatures vanquished

Notes
Turn   | Place    | Note
-------+----------+-------------------------------------------
     0 | Abyss:1  | LSt the Formicid Abyssal Knight began the quest for the
                  | Orb.
     0 | Abyss:1  | Reached XP level 1. HP: 18/18 MP: 2/2
    18 | D:1      | Escaped the Abyss
   247 | D:1      | Reached XP level 2. HP: 23/25 MP: 3/3
   502 | D:1      | Reached ** piety under Lugonu
   502 | D:1      | Reached XP level 3. HP: 30/30 MP: 4/4
  1394 | D:2      | Reached skill level 1 in Shields
  1705 | D:2      | Reached XP level 4. HP: 38/38 MP: 5/5
  2599 | D:3      | Noticed Purgy
  2975 | D:4      | Noticed an ogre
  3015 | D:4      | Found a transporter.
  3329 | D:3      | Reached skill level 3 in Axes
  3329 | D:3      | Reached XP level 5. HP: 28/43 MP: 6/6
  3586 | D:3      | Reached skill level 4 in Axes
  3741 | D:4      | Reached XP level 6. HP: 39/49 MP: 7/7
  3885 | D:4      | Reached skill level 5 in Axes
  4284 | D:4      | Found a burning altar of Makhleb.
  4322 | D:4      | Found a transporter.
  4641 | D:4      | Reached *** piety under Lugonu
  4641 | D:4      | Reached XP level 7. HP: 45/55 MP: 8/8
  4882 | D:5      | Entered Level 5 of the Dungeon
  4938 | D:5      | Reached skill level 5 in Fighting
  4960 | D:5      | Found a staircase to the Ecumenical Temple.
  4993 | D:5      | Reached skill level 6 in Axes
  5162 | D:5      | Noticed a water moccasin
  5176 | D:5      | Killed a water moccasin
  5190 | D:5      | Found a glowing drain.
  5234 | Sewer    | Entered a sewer
  5243 | Sewer    | Reached XP level 8. HP: 54/62 MP: 11/11
  5577 | Sewer    | Reached **** piety under Lugonu
  5790 | Sewer    | Reached skill level 7 in Axes
  6307 | D:5      | Noticed Dowan
  6346 | D:5      | Killed Dowan
  6906 | D:5      | Noticed Ijyb
  6929 | D:5      | Killed Ijyb
  7059 | D:5      | Noticed Duvessa
  7459 | D:6      | Reached skill level 8 in Axes
  7459 | D:6      | Reached XP level 9. HP: 67/71 MP: 12/12
  8221 | D:6      | Found a basalt altar of Yredelemnul.
  8364 | D:7      | Found a stormy altar of Qazlal.
  8537 | D:7      | Reached skill level 9 in Axes
  9489 | D:7      | Found an iron altar of Okawaru.
 10570 | D:7      | Reached XP level 10. HP: 79/82 MP: 13/13
 10655 | D:8      | Reached skill level 10 in Axes
 11753 | D:8      | Found an ancient bone altar of Kikubaaqudgha.
 12219 | D:8      | Found a staircase to the Lair.
 12249 | D:8      | Reached skill level 11 in Axes
 12742 | D:8      | Reached ***** piety under Lugonu
 13449 | D:8      | Found a bloodstained altar of Trog.
 13798 | D:9      | Found a hazy altar of Hepliaklqana.
 13798 | D:9      | Found a glowing golden altar of the Shining One.
 13799 | D:9      | Found a glowing silver altar of Zin.
 13891 | D:9      | Reached skill level 12 in Axes
 14024 | D:9      | Noticed Erica
 14049 | D:9      | Killed Erica
 14049 | D:9      | Reached XP level 11. HP: 66/89 MP: 14/14
 14756 | D:10     | Entered Level 10 of the Dungeon
 15113 | D:9      | Reached skill level 10 in Fighting
 15229 | D:10     | Reached skill level 1 in Dodging
 15539 | D:10     | Reached skill level 5 in Invocations
 16024 | D:10     | Noticed a two-headed hydra
 16028 | D:10     | Killed a one-headed hydra
 16028 | D:10     | Reached skill level 13 in Axes
 16121 | D:10     | Noticed an ice dragon
 16444 | Lair:1   | Entered Level 1 of the Lair of Beasts
 17150 | Lair:1   | Slain by a komodo dragon

Illustrated notes

Levels and vault maps discovered:
D:1:      lightli_molten_gateway, layout_loops_ring, minivault_24
D:2:      layout_basic
D:3:      layout_rooms, minmay_quadrilaterals, uniq_purgy
D:4:      gammafunk_wand_slinger, layout_cave_pools, kennysheep_mini_moat
D:5:      layout_rooms, minmay_temple_entry_statues_fountains,
          portal_sewer_entry_a, first_ration, uniq_ijyb, uniq_duvessa
D:6:      layout_basic, yredelemnul_forgotten_temple_becter,
          minmay_misc_feat_square
D:7:      layout_loops_cross, nicolae_overflow_hidden_temple,
          nicolae_qazlal_general_emergency, grunt_ministairs_11
D:8:      layout_loops_ring, kiku_gazebo_garden_becter, lightli_temple_of_fire,
          minmay_lair_entry_grove
D:9:      layout_rooms, gammafunk_temple_overflow_claw, uniq_erica
D:10:     layout_rooms, hangedman_ranch [blue_anna_fruit_fields],
          minmay_the_grid_2x2 [minmay_the_grid_fan,
          minmay_the_grid_holed_spiral, minmay_the_grid_dragon_b,
          minmay_the_grid_prize_trominoes]
Lair:1:   layout_roguey, chequers_serial_rivers_large_a, lemuel_fruit_fields

Skill      XL: |  1  2  3  4  5  6  7  8  9 10 11 |
---------------+----------------------------------+-----
Fighting       | 4 5 6 8 9 10 | 10.6
Shields        | 1 2 |  2.4
Axes           | 3 4 5 6 8 9 12 13 | 13.3
Invocations    | 4 7 |  7.4
Armour         | 3 |  3.2
Dodging        | 1 |  1.0

Action                   |  1- 3 |  4- 6 |  7- 9 | 10-12 || total
-------------------------+-------+-------+-------+-------++-------
Melee: Hand axe          |   103 |    82 |    19 |       ||   204
       War axe           |       |    90 |   511 |   479 ||  1080
       Scimitar          |       |       |       |     2 ||     2
 Fire: Hunting sling     |       |       |    61 |     9 ||    70
Throw: Stone             |       |     5 |       |       ||     5
Invok: Bend Space        |       |     2 |    35 |    17 ||    54
  Use: Scroll            |     1 |     3 |     5 |     3 ||    12
       Potion            |       |       |     2 |     1 ||     3
  Eat: Chunk             |     2 |     8 |    15 |    19 ||    44
       Ration            |       |       |     8 |     2 ||    10
Armor: Leather armour    |    15 |       |       |       ||    15
       Chain mail        |     6 |   112 |   124 |       ||   242
       Scale mail        |       |       |    86 |   153 ||   239
Dodge: Dodged            |    42 |    61 |   153 |   191 ||   447
Block: Buckler           |     3 |    33 |    74 |    59 ||   169

Table legend:
 A = Non-vault XP
 B = Vault XP
 C = Vault XP percentage of total XP
 D = Non-vault monster count
 E = Vault monster count
 F = Vault count percentage of total count
                 A         B        C        D         E       F
            +---------+---------+-------+---------+---------+-------
      Total |    8804 |    5341 |  37.8 |     178 |      92 |  34.1
            +---------+---------+-------+---------+---------+-------
        D:1 |      43 |       0 |   0.0 |      23 |       0 |   0.0
        D:2 |      35 |       0 |   0.0 |      19 |       0 |   0.0
        D:3 |     152 |      13 |   7.9 |      11 |       7 |  38.9
        D:4 |     558 |       0 |   0.0 |      13 |       0 |   0.0
        D:5 |     769 |     116 |  13.1 |      13 |       6 |  31.6
        D:6 |     866 |       1 |   0.1 |      20 |       1 |   4.8
        D:7 |    1046 |     335 |  24.3 |      18 |       5 |  21.7
        D:8 |    1299 |    1522 |  54.0 |      23 |      11 |  32.4
        D:9 |     961 |     912 |  48.7 |      15 |       1 |   6.2
       D:10 |    1255 |    2172 |  63.4 |      11 |       8 |  42.1
     Lair:1 |    1820 |       0 |   0.0 |      12 |       0 |   0.0
      Sewer |       0 |     270 | 100.0 |       0 |      53 | 100.0
            +---------+---------+-------+---------+---------+-------
